 Dungeon Crawl Stone Soup version 0.29.1-15-g9cfb28693d (webtiles) character file.

Game seed: 18296903897949423561

975 wingedge the Vexing (level 8, -12/63 HPs)
             Began as a Meteoran Wanderer on Apr 7, 2023.
             Was a Follower of Sif Muna.
             Mangled by a two-headed ogre
             ... wielding a +0 dire flail
              (30 damage)
             ... on level 6 of the Dungeon.
             The game lasted 00:26:53 (2910 turns).

wingedge the Vexing (Meteoran Wanderer)             Turns: 2910, Time: 00:26:54

Health: -12/63     AC:  6    Str: 15    XL:     8   Next: 66%
Magic:  0/14       EV: 15    Int: 18    God:    Sif Muna [*.....]
Gold:   171        SH:  0    Dex: 16    Spells: 4/14 levels left

rFire   . . .      SeeInvis .   a - +0 flail
rCold   . . .      Faith    .   (no shield)
rNeg    . . .      Spirit   +   c - +0 ring mail
rPois   .          Reflect  .   (no helmet)
rElec   .          Harm     .   (no cloak)
rCorr   .          Rampage  .   B - +0 pair of gloves
Will    +....                   (no boots)
Stlth   +.........              m - amulet of guardian spirit
HPRegen 0.20/turn               r - +6 ring of dexterity
MPRegen 0.14/turn               u - +4 ring of evasion

@: glowing
A: sense surroundings 1, otherworldly, glowing, explore regen
a: Renounce Religion, Channel Magic


You were on level 6 of the Dungeon.
You worshipped Sif Muna.
Sif Muna was aware of your devotion.
You visited 1 branch of the dungeon, and saw 6 of its levels.

You collected 171 gold pieces.

Inventory:

Hand Weapons
 a - a +0 flail (weapon)
 f - a +0 dagger
 n - a +0 whip of venom
Missiles
 y - a boomerang of dispersal (quivered)
Armour
 c - a +0 ring mail (worn)
 B - a +0 pair of gloves (worn)
Magical Staves
 e - a staff of air
Jewellery
 m - an amulet of guardian spirit (around neck)
 r - a +6 ring of dexterity (left hand)
 u - a +4 ring of evasion (right hand)
Wands
 x - a wand of flame (10)
Scrolls
 b - 4 scrolls of teleportation
 g - a scroll of butterflies {unknown}
 i - a scroll of enchant weapon {unknown}
 l - a scroll of poison {unknown}
 o - a scroll of summoning {unknown}
 p - 4 scrolls of identify {unknown}
 s - 2 scrolls of vulnerability {unknown}
 t - a scroll of fear {unknown}
 v - a scroll of noise {unknown}
 z - a scroll of amnesia {unknown}
Potions
 d - a potion of curing
 h - a potion of mutation {unknown}
 j - a potion of heal wounds {unknown}
 k - a potion of berserk rage {unknown}
 w - a potion of attraction {unknown}
 A - a potion of magic {unknown}


   Skills:
 + Level 3.5 Fighting
 - Level 2.0 Armour
 - Level 2.0 Dodging
 + Level 3.6 Spellcasting
 + Level 4.4 Conjurations
 - Level 5.0 Hexes
 + Level 2.6 Ice Magic
 + Level 3.5 Air Magic
 - Level 4.0 Earth Magic
 - Level 3.0 Poison Magic
 + Level 3.1 Invocations
 - Level 1.2 Evocations


You had 4 spell levels left.
You knew the following spells:

 Your Spells              Type           Power      Damage    Failure   Level
a - Slow                  Hex            84%        N/A       3%          1
b - Sandblast             Erth           34%        2d9       6%          1
c - Ensorcelled Hibernat  Hex/Ice        32%        N/A       10%         2
d - Stone Arrow           Conj/Erth      36%        3d9       16%         3
e - Mephitic Cloud        Conj/Pois/Air  16%        N/A       21%         3

Your spell library contained the following spells:

 Spells                   Type           Power      Damage    Failure   Level
 Summon Small Mammal      Summ           12%        N/A       30%         1
 Inner Flame              Hex/Fire       12%        N/A       32%         3
 Summon Guardian Golem    Hex/Summ       12%        N/A       32%         3
 Ignite Poison            Fire/Tmut/Pois 6%         N/A       52%         3
 Call Canine Familiar     Summ           3%         N/A       65%         3
 Freezing Cloud           Conj/Ice/Air   7%         6-21      88%         5


Dungeon Overview and Level Annotations

Branches:
Dungeon (6/15) Zot: 595
 Temple: D:4-7

Altars:
Fedhas
Makhleb
Qazlal
Sif Muna
Vehumet

Annotations:
D:3 exclusion: oklob plant
D:6 Maggie


Innate Abilities, Weirdness & Mutations

You passively map a small area around you.
You are easily found by Zot.
You glow in the dark.
You regain HP and MP as you explore.


Message History

The two-headed ogre is engulfed in noxious fumes.
Casting: Stone Arrow (dangerous; 16% risk of failure)
Confirm with . or Enter, or press ? or * to list all spells.
Aiming: Stone Arrow (dangerous; 16% risk of failure)
Press: ? - help, Shift-Dir - straight line, f/p - two-headed ogre
Aim: a two-headed ogre, wielding a +0 dire flail and a +0 giant spiked club (lightly wounded, 85% to hit)
The stone arrow hits the two-headed ogre!
The two-headed ogre is moderately wounded.
The two-headed ogre closely misses you.
The two-headed ogre hits you but does no damage.
Casting: Stone Arrow (dangerous; 16% risk of failure)
Confirm with . or Enter, or press ? or * to list all spells.
Aiming: Stone Arrow (dangerous; 16% risk of failure)
Press: ? - help, Shift-Dir - straight line, f/p - two-headed ogre
Aim: a two-headed ogre, wielding a +0 dire flail and a +0 giant spiked club (moderately wounded, 85% to hit)
The stone arrow hits the two-headed ogre!
The two-headed ogre is heavily wounded.
Casting: Stone Arrow (dangerous; 16% risk of failure)
Confirm with . or Enter, or press ? or * to list all spells.
Aiming: Stone Arrow (dangerous; 16% risk of failure)
Press: ? - help, Shift-Dir - straight line, f/p - two-headed ogre
Aim: a two-headed ogre, wielding a +0 dire flail and a +0 giant spiked club (heavily wounded, 85% to hit)
The stone arrow hits the two-headed ogre!!
The two-headed ogre is almost dead.
The two-headed ogre completely misses you.
The two-headed ogre hits you with a +0 giant spiked club.
You sock the two-headed ogre!
The two-headed ogre is almost dead.
The two-headed ogre hits you with a +0 dire flail!!
The two-headed ogre hits you with a +0 giant spiked club!!
* * * LOW HITPOINT WARNING * * *
Throw: 2 boomerangs (disperse)
Press: ? - help, Q - select action, (/) - cycle Shift-Dir - straight line, f/p - two-headed ogre
Aim: a two-headed ogre, wielding a +0 dire flail and a +0 giant spiked club (almost dead, 75% to hit)
You throw a boomerang of dispersal.
The boomerang of dispersal hits the two-headed ogre but does no damage.
The two-headed ogre is almost dead.
The two-headed ogre barely misses you.
The two-headed ogre hits you with a +0 giant spiked club!!
You die...

..........).......
###.......##......
, .............###
.###......####
........####### , ,
*######.........#**
, * #...........#
,, ....#..<....).#
* ,,
.........@....#
........O..[..# ,
.........?....#
.........#####
.........#
........?# ,
........# ........#
,


You could see a two-headed ogre.

Vanquished Creatures
  An ice beast (D:4)
  An orc warrior (D:5)
  A black bear (D:5)
  An ogre (D:5)
  A phantom (D:4)
  3 scorpions
  An orc priest (D:5)
  A hound (D:5)
  A jelly (D:5)
  Terence (D:3)
  4 iguanas
  8 adders
  A white imp (D:5)
  2 worms
  3 orcs
  2 ball pythons
  8 endoplasms
  A giant cockroach (D:4)
  8 goblins
  5 hobgoblins
  5 jackals
  3 kobolds
  4 quokkas
  3 bats (D:1)
  3 frilled lizards
  4 rats
76 creatures vanquished.

Vanquished Creatures (others)
  2 fungi
  5 plants (D:3)
  14 toadstools (D:3)
21 creatures vanquished.

Grand Total: 97 creatures vanquished

Notes
Turn   | Place    | Note
-------+----------+-------------------------------------------
     0 | D:1      | wingedge the Meteoran Wanderer began the quest for the Orb.
     0 | D:1      | wingedge set off with the following items: a +0 club, a
                  | scroll of teleportation, a +0 ring mail; and the following
                  | spells available to memorise: Slow, Sandblast, Ensorcelled
                  | Hibernation, Inner Flame, Stone Arrow.
     0 | D:1      | Reached XP level 1. HP: 14/14 MP: 5/5
     2 | D:1      | Learned a level 1 spell: Slow
     4 | D:1      | Learned a level 1 spell: Sandblast
   162 | D:1      | Reached XP level 2. HP: 20/20 MP: 6/6
   335 | D:1      | Reached skill level 4 in Hexes
   423 | D:1      | Learned a level 2 spell: Ensorcelled Hibernation
   463 | D:1      | Reached XP level 3. HP: 27/27 MP: 5/8
   484 | D:1      | Glimpsed the power of Zot.
   554 | D:2      | Found a shimmering blue altar of Sif Muna.
   562 | D:2      | Became a worshipper of Sif Muna the Loreminder
  1078 | D:2      | Glimpsed the power of Zot.
  1128 | D:2      | Glimpsed the power of Zot.
  1138 | D:3      | Reached skill level 1 in Fighting
  1141 | D:3      | HP: 1/28 [hobgoblin (3)]
  1245 | D:3      | Reached XP level 4. HP: 35/35 MP: 5/9
  1275 | D:3      | Found a burning altar of Makhleb.
  1420 | D:3      | Reached skill level 1 in Invocations
  1458 | D:3      | Reached skill level 1 in Conjurations
  1458 | D:3      | Reached skill level 1 in Air Magic
  1490 | D:3      | Found a blossoming altar of Fedhas.
  1512 | D:3      | Noticed an oklob plant
  1571 | D:3      | Reached XP level 5. HP: 22/40 MP: 8/10
  1618 | D:3      | Noticed Terence
  1634 | D:3      | Killed Terence
  1635 | D:3      | Reached skill level 1 in Ice Magic
  1656 | D:3      | Glimpsed the power of Zot.
  1706 | D:3      | Glimpsed the power of Zot.
  1842 | D:4      | Noticed a phantom
  1861 | D:4      | Killed a phantom
  1862 | D:4      | Reached XP level 6. HP: 13/48 MP: 0/11
  1870 | D:4      | Learned a level 3 spell: Stone Arrow
  2077 | D:4      | Reached * piety under Sif Muna
  2153 | D:4      | Found a radiant altar of Vehumet.
  2234 | D:4      | Glimpsed the power of Zot.
  2253 | D:5      | Entered Level 5 of the Dungeon
  2274 | D:5      | Learned a level 3 spell: Mephitic Cloud
  2335 | D:5      | Noticed an ogre
  2341 | D:5      | Killed an ogre
  2342 | D:5      | Reached skill level 5 in Hexes
  2342 | D:5      | Reached skill level 1 in Poison Magic
  2342 | D:5      | Reached XP level 7. HP: 55/55 MP: 7/12
  2509 | D:5      | Noticed a two-headed ogre
  2525 | D:4      | Reached XP level 8. HP: 21/62 MP: 2/13
  2705 | D:5      | Found a stormy altar of Qazlal.
  2812 | D:5      | Glimpsed the power of Zot.
  2833 | D:6      | Noticed Maggie
  2901 | D:6      | Noticed a two-headed ogre
  2910 | D:6      | Mangled by a two-headed ogre

Illustrated notes

Levels and vault maps discovered:
D:1:      dpeg_arrival_windows_large_door, layout_basic
D:2:      layout_basic, basic_altar
D:3:      layout_basic, lemuel_coloured_pillars_altar, tgw_fedhas, st_stairs_12,
          hangedman_decor_opposing, nicolae_eternal_life,
          kennysheep_decorative_pillar, uniq_terence
D:4:      layout_basic, old_standard_altar
D:5:      layout_basic, mainiacjoe_overflow_alcove_1
D:6:      cheibrodos_quashed, layout_rooms, mainiacjoe_overflow_boulevard,
          nicolae_ossuary_entry_giza, minmay_misc_feat_more_columns,
          water_boxes_lemuel, uniq_maggie, uniq_edmund

Skill      XL: |  1  2  3  4  5  6  7  8 |
---------------+-------------------------+-----
Earth Magic    | 3 4 |  4.0
Hexes          | 4 5 |  5.0
Spellcasting   | 3 |  3.6
Fighting       | 1 2 3 |  3.5
Invocations    | 1 2 3 |  3.1
Conjurations   | 1 2 4 |  4.4
Air Magic      | 1 2 3 |  3.5
Ice Magic      | 1 2 |  2.6
Poison Magic   | 1 3 |  3.0
Armour         | 2 |  2.0
Dodging        | 2 |  2.0
Evocations     | |  1.2

Action                   |  1- 3 |  4- 6 |  7- 9 || total
-------------------------+-------+-------+-------++-------
Melee: Flail             |    34 |     3 |    40 ||    77
       Whip              |       |    24 |       ||    24
Throw: Boomerang         |       |       |     2 ||     2
       Throwing net      |       |       |     1 ||     1
 Cast: Sandblast         |    28 |    76 |    17 ||   121
       Slow              |     2 |     7 |     1 ||    10
       Ensorcelled Hiber |     2 |       |     1 ||     3
       Stone Arrow       |       |       |    18 ||    18
       Mephitic Cloud    |       |       |     7 ||     7
Evoke: Wand              |       |     1 |     8 ||     9
  Use: Potion            |     1 |       |     1 ||     2
 Stab: Sleeping          |     1 |       |     1 ||     2
       Confused          |       |       |     1 ||     1
       Held in net/web   |       |       |     1 ||     1
Armor: Ring mail         |    32 |    25 |    16 ||    73
Dodge: Dodged            |    35 |    21 |    49 ||   105
